 Dungeon Crawl Stone Soup version 0.25-a0-353-ged6d54792d (webtiles) character file.

Game seed: 14454525207921688091, levelgen mode: classic

602 Borgoz the Skirmisher (level 7, -4/64 HPs)
             Began as a Hill Orc Fighter on Jan 1, 2020.
             Slain by an ogre
             ... wielding a +0 giant spiked club
              (10 damage)
             ... on level 4 of the Dungeon.
             The game lasted 00:03:37 (3500 turns).

Borgoz the Skirmisher (Hill Orc Fighter)            Turns: 3500, Time: 00:03:37

Health: -4/64      AC:  7    Str: 20    XL:     7   Next: 41%
Magic:  7/7        EV:  7    Int:  8    God:
Gold:   182        SH:  9    Dex: 11    Spells: 6/6 levels left

rFire    . . .     SeeInvis .   a - +0 war axe
rCold    . . .     Gourm    .   c - +0 shield
rNeg     . . .     Faith    .   b - +0 scale mail
rPois    .         Spirit   .   (no helmet)
rElec    .         Reflect  .   (no cloak)
rCorr    .         Harm     .   (no gloves)
MR       .....                  (no boots)
Stlth    ..........             (no amulet)
HPRegen  0.20/turn              (no ring)
MPRegen  0.10/turn              (no ring)

@: lethally poisoned (-4 -> -7), invisible
A: no striking features
a: no special abilities


You were on level 4 of the Dungeon.
You were not hungry.

You visited 1 branch of the dungeon, and saw 4 of its levels.

You collected 182 gold pieces.

Inventory:

Hand Weapons
 a - a +0 war axe (weapon)
 g - a +0 hand axe of venom
Armour
 b - a +0 scale mail (worn)
 c - a +0 shield (worn)
Wands
 j - a wand of flame (20)
 k - a wand of disintegration (10)
Scrolls
 e - a scroll of random uselessness {unknown}
 h - 3 scrolls of enchant armour
 i - a scroll of magic mapping {unknown}
 n - a scroll of amnesia {unknown}
 o - 3 scrolls of teleportation {unknown}
 q - a scroll of fog {unknown}
 r - 2 scrolls of enchant weapon {unknown}
Potions
 l - a potion of might
 m - 3 potions of haste
 p - a potion of ambrosia
Comestibles
 f - 6 rations
 s - 7 chunks of flesh


   Skills:
 + Level 6.5 Fighting
 + Level 6.4 Axes
 + Level 5.9 Armour
 - Level 3.2 Shields


You had 6 spell levels left.
You didn't know any spells.
Your spell library contained the following spells:

 Spells                   Type           Power        Failure   Level  Hunger
 Corona                   Hex            #......      99%         1    ##.....
 Ensorcelled Hibernation  Hex/Ice        #.....       100%        2    ###....
 Confuse                  Hex            #.......     100%        3    ####...
 Dazzling Flash           Conj/Hex       #.....       100%        3    ####...
 Tukima's Dance           Hex            #.......     100%        3    ####...


Dungeon Overview and Level Annotations

Branches:
Dungeon (4/15)
 Temple: D:4-7

Altars:
Ashenzari
Zin

Shops:
D:2 *


Message History

The ogre is heavily wounded.
You barely miss the adder. The adder bites you.
You are poisoned.
The adder poisons you!
The ogre hits you with a +0 giant spiked club!
The adder bites you but does no damage.
Okay, then.
You slash the ogre!
The ogre is severely wounded.
You miss the adder.
You feel sick.
The ogre hits you with a +0 giant spiked club!!
* * * LOW HITPOINT WARNING * * *
The adder bites you.
* * * LOW HITPOINT WARNING * * *
You are more poisoned.
The adder poisons you! You block the adder's attack.
It was a potion of invisibility.
You fade into invisibility!
The ogre hits you with a +0 giant spiked club!
You die...

#.##### ###......# #.#
#.......##
#.#############.#####.####
#...............# #......
#######..############.####
##...÷.÷.....##.#
#..#.#÷'#.#..#.#
#....#..#....#.####
#.@###### #.......#
##OS..(/# +.##.##.#
#.'..?$# +.##....#
#.########.####..#
#...#..#...##.#..#
#.#.#')#.#.......#
#...........#.####
###.........#.#
###########.#


You could see an ogre and an adder.

Vanquished Creatures
  Grinder (D:3)
  Sigmund (D:2)
  A phantom (D:4)
  2 orc wizards
  An iguana (D:4)
  2 adders
  2 worms (D:2)
  2 leopard geckos (D:3)
  11 orcs
  2 giant cockroaches
  5 hobgoblins
  5 jackals
  A ball python (D:3)
  5 bats
  2 frilled lizards
  7 goblins
  A jackal skeleton (D:4)
  5 kobolds
  4 rats
60 creatures vanquished.

Notes
Turn   | Place    | Note
-------+----------+-------------------------------------------
     0 | D:1      | Borgoz the Hill Orc Fighter began the quest for the Orb.
     0 | D:1      | Reached XP level 1. HP: 19/19 MP: 1/1
   941 | D:1      | Reached XP level 2. HP: 27/27 MP: 2/2
   952 | D:1      | Found a shattered altar of Ashenzari.
  1624 | D:2      | Noticed Sigmund
  1639 | D:2      | Reached XP level 3. HP: 4/33 MP: 3/3
  1640 | D:2      | Killed Sigmund
  1640 | D:2      | Reached skill level 5 in Fighting
  1640 | D:2      | Reached XP level 4. HP: 5/42 MP: 4/4
  1640 | D:2      | Reached XP level 5. HP: 6/48 MP: 5/5
  1955 | D:2      | Found Zin's Purification Station.
  1955 | D:2      | Found a glowing silver altar of Zin.
  2161 | D:3      | Noticed Grinder
  2168 | D:3      | Killed Grinder
  2168 | D:3      | Reached skill level 5 in Axes
  2168 | D:3      | Reached skill level 5 in Armour
  2168 | D:3      | Reached XP level 6. HP: 35/57 MP: 6/6
  2729 | D:3      | Reached XP level 7. HP: 60/63 MP: 7/7
  3500 | D:4      | Slain by an ogre

Levels and vault maps discovered:
D:1:      kilobyte_arrival_exit_the_forest, layout_basic, ashenzari_altar_1
D:2:      layout_basic, zin_purify, minmay_split_cup_small, uniq_sigmund
D:3:      layout_loops_cross, uniq_grinder
D:4:      layout_loops_cross, chequers_temple_overflow_minitemple,
          minmay_temple_entry_sparse_star, minmay_mini_jars

Skill      XL: |  1  2  3  4  5  6  7 |
---------------+----------------------+-----
Axes           | 3 4 5 6 |  6.4
Fighting       | 4 5 6 |  6.5
Armour         | 4 5 |  5.9
Shields        | |  3.2

Action                   |  1- 3 |  4- 6 |  7- 9 || total
-------------------------+-------+-------+-------++-------
Melee: War axe           |    66 |    81 |    68 ||   215
  Use: Potion            |     1 |     1 |     2 ||     4
       Scroll            |       |     4 |       ||     4
  Eat: Chunk             |     2 |     4 |     2 ||     8
Armor: Scale mail        |    33 |    28 |    38 ||    99
Dodge: Dodged            |    29 |    18 |    32 ||    79
Block: Shield            |    40 |    31 |    35 ||   106

Table legend:
 A = Non-vault XP
 B = Vault XP
 C = Vault XP percentage of total XP
 D = Non-vault monster count
 E = Vault monster count
 F = Vault count percentage of total count
                 A         B        C        D         E       F
            +---------+---------+-------+---------+---------+-------
      Total |     342 |     519 |  60.3 |      51 |       9 |  15.0
            +---------+---------+-------+---------+---------+-------
        D:1 |      12 |       0 |   0.0 |       9 |       0 |   0.0
        D:2 |      25 |     236 |  90.4 |      13 |       4 |  23.5
        D:3 |      96 |     262 |  73.2 |      22 |       1 |   4.3
        D:4 |     209 |      21 |   9.1 |       7 |       4 |  36.4
            +---------+---------+-------+---------+---------+-------
